 Dungeon Crawl Stone Soup version 0.26.1-12-g5ba1501909 (webtiles) character file.

Game seed: 1189062556091085452

14693 Gwenloh the Tainter (level 11, -5/59 HPs)
             Began as a Deep Elf Venom Mage on Oct 10, 2021.
             Was an Elder of Sif Muna.
             Slain by a four-headed hydra (11 damage)
             ... on level 2 of the Lair of Beasts on Oct 11, 2021.
             The game lasted 01:10:37 (12175 turns).

Gwenloh the Tainter (Deep Elf Venom Mage)          Turns: 12175, Time: 01:10:38

Health: -5/59      AC:  7    Str:  6    XL:     11   Next: 92%
Magic:  33/37      EV: 17    Int: 23    God:    Sif Muna [****..]
Gold:   709        SH:  5    Dex: 30    Spells: 19/32 levels left

rFire    . . .     SeeInvis .   w - +8 trident of Mufeasi {drain, *Drain Will+ Dex+3 Stlth+}
rCold    . . .     Faith    .   (no shield)
rNeg     . . .     Spirit   .   B - +2 robe of Vines {NoPotionHeal Regen+7}
rPois    .         Reflect  +   L - +0 helmet "Udwuuwk" {Dex+6} (curse)
rElec    .         Harm     .   y - scarf {+Inv}
rCorr    .         Rampage  .   q - +1 pair of gloves
Will     ++...                  (no boots)
Stlth    ++++......             G - amulet of reflection
HPRegen  2.99/turn              f - +6 ring of dexterity
MPRegen  0.25/turn              t - ring of magical power

@: no status effects
A: no striking features
a: Renounce Religion, Evoke Invisibility, Channel Magic, Forget Spell, Divine
Exegesis


You were on level 2 of the Lair of Beasts.
You worshipped Sif Muna.
Sif Muna was greatly pleased with you.
You visited 3 branches of the dungeon, and saw 12 of its levels.
You also visited: Bailey.

You collected 1558 gold pieces.
You spent 849 gold pieces at shops.

Inventory:

Hand Weapons
 i - a +1 whip
 w - the +8 trident of Mufeasi (weapon) {drain, *Drain Will+ Dex+3 Stlth+}
   (You found it on level 2 of the Lair of Beasts)

   A truly terrible weapon, it drains the life of those it strikes.
   It affects your dexterity (+3).
   It affects your willpower, your defense against some magical effects.
   It causes draining when unequipped.
   It makes you more stealthy.
Armour
 a - a +0 robe
 q - a +1 pair of gloves (worn)
 y - a scarf of invisibility (worn)
 B - the +2 robe of Vines (worn) {NoPotionHeal Regen+7}
   (You found it in a bailey)

   It increases your rate of regeneration.
 L - the cursed +0 helmet "Udwuuwk" (worn) {Dex+6}
   (You bought it in a shop on level 8 of the Dungeon)

   It affects your dexterity (+6).
   It has a curse placed upon it.
 O - a +0 troll leather armour
Magical Staves
 u - an uncursed staff of air
Jewellery
 f - a +6 ring of dexterity (left hand)
 m - an uncursed amulet of magic regeneration
 t - a ring of magical power (right hand)
 G - an amulet of reflection (around neck)
 H - an uncursed ring of fire
 M - an uncursed amulet of guardian spirit
 N - a +4 ring of slaying {unknown}
Wands
 l - a wand of acid (10)
 p - a wand of digging (11)
 E - a wand of paralysis (5)
 F - a wand of polymorph (15)
 K - a wand of iceblast (7)
 R - a wand of random effects (19)
Scrolls
 b - 8 scrolls of teleportation
 d - 2 scrolls of enchant weapon
 g - 3 scrolls of immolation
 h - a scroll of amnesia
 r - 2 scrolls of fog
 v - 7 scrolls of remove curse
 A - a scroll of magic mapping
 C - a scroll of blinking
 P - 3 scrolls of fear
 Q - 2 scrolls of identify
Potions
 c - 2 potions of invisibility
 e - 3 potions of haste
 j - 3 potions of brilliance
 k - 4 potions of curing
 n - 3 potions of might
 o - a potion of flight
 s - a potion of heal wounds
 x - 2 potions of lignification
 z - 2 potions of magic
 D - 2 potions of resistance
 I - a potion of mutation
 J - a potion of berserk rage


   Skills:
 + Level 2.7 Fighting
 + Level 4.9 Dodging
 - Level 2.4 Stealth
 + Level 11.4 Spellcasting
 - Level 5.0 Conjurations
 - Level 3.0 Transmutations
 - Level 4.0 Fire Magic
 - Level 5.0 Air Magic
 + Level 11.5 Poison Magic
 + Level 7.8 Invocations
 + Level 7.9 Evocations


You had 19 spell levels left.
You knew the following spells:

 Your Spells              Type           Power        Failure   Level
a - Sting                 Tmut/Pois      100%         1%          1
b - Poisonous Vapours     Pois/Air       100%         1%          2
c - Ignite Poison         Fire/Tmut/Pois 41%          1%          3
d - Mephitic Cloud        Conj/Pois/Air  46%          1%          3
e - Olgreb's Toxic Radia  Pois           61%          1%          4

Your spell library contained the following spells:

 Spells                   Type           Power        Failure   Level
 Magic Dart               Conj           100%         1%          1
 Static Discharge         Conj/Air       36%          1%          3
 Conjure Flame            Conj/Fire      33%          2%          3
 Corona                   Hex            14%          4%          1
 Inner Flame              Hex/Fire       22%          6%          3
 Blink                    Tloc           N/A          8%          2
 Call Imp                 Summ           13%          8%          2
 Slow                     Hex            13%          8%          2
 Gell's Gravitas          Tloc           6%           14%         3
 Portal Projectile        Hex/Tloc       26%          14%         3
 Summon Lightning Spire   Summ/Air       24%          17%         4
 Cause Fear               Hex            6%           43%         4
 Leda's Liquefaction      Hex/Erth       6%           43%         4
 Chain Lightning          Conj/Air       18%          100%        8


Dungeon Overview and Level Annotations

Branches:
Dungeon (9/15)             Temple (1/1) D:5            Lair (2/6) D:9
    Orc (0/2) D:9          Bailey (visited)
  Swamp: Lair:2-4    Shoals: Lair:2-4     Snake: Lair:2-4    Spider: Lair:2-4

Altars:
Ashenzari
Cheibriados
Dithmenos
Elyvilon
Fedhas
Gozag
Hepliaklqana
Kikubaaqudgha
Makhleb
Nemelex Xobeh
Okawaru
Qazlal
Ru
Sif Muna
Trog
Uskayaw
Vehumet
Wu Jian
Xom
Yredelemnul
Zin
The Shining One
Beogh

Shops:
D:6 ?   D:7 (   D:8 *[=:!   D:9 *([


Message History

You block the four-headed hydra's attack.
The four-headed hydra bites you!
* * * LOW HITPOINT WARNING * * *
The four-headed hydra bites you.
* * * LOW HITPOINT WARNING * * *
The four-headed hydra barely misses you.
You hit the four-headed hydra.
The four-headed hydra is severely wounded.
You block the four-headed hydra's attack.
The four-headed hydra misses you.
The four-headed hydra bites you but does no damage.
The four-headed hydra closely misses you.
You barely miss the four-headed hydra.
The four-headed hydra is severely wounded.
The four-headed hydra bites you.
* * * LOW HITPOINT WARNING * * *
The four-headed hydra barely misses you.
The four-headed hydra bites you but does no damage.
The four-headed hydra bites you!
You die...

..#... ## ..... .
###. ..... .. #.#.
.... ..# #.. #..#..##
## ..##...#..#.. #..#
#.D.##...#..
#...#.@P.#......
#.............# ..
#.#.#........# .... #
####.......# .P..
###.P##...........
#...##.........P.P #
##..##P..#....P≈P≈
#.##...###...#.#PP≈≈♣
#....###.....##P≈PPP


You could see a four-headed hydra (drained).

Vanquished Creatures
  A two-headed ogre (D:8)
  The ghost of PanSaczeczos the Wallflower, a novice PaIE of Uskayaw (D:7)
  The ghost of dadaray the Chopper, a novice DsGl of Okawaru (D:5)
  2 orc knights (Bailey)
  A cyclops (D:9)
  A black mamba (Lair:1)
  4 cane toads
  A rime drake (Lair:1)
  3 komodo dragons
  A troll (D:9)
  4 blink frogs (Lair:2)
  Prince Ribbit (D:6)
  Grinder (D:3)
  A basilisk (Lair:2)
  A fire bat (D:7)
  2 wyverns (D:9)
  8 yaks (Lair:1)
  3 water moccasins
  12 orc warriors
  3 black bears
  3 ice beasts (D:7)
  2 sky beasts (D:6)
  6 ogres
  8 wolves (Lair:1)
  2 centaurs (D:6)
  8 bullfrogs
  2 scorpions
  A water moccasin skeleton (D:8)
  8 wights (D:7)
  7 killer bees
  2 lava snakes (D:7)
  A quasit (D:6)
  3 bullfrog skeletons
  A bullfrog zombie (D:5)
  4 hounds
  2 jellies
  6 orc priests
  5 orc wizards
  A gnoll shaman (D:6)
  5 iguanas
  6 worker ants
  A bullfrog simulacrum (D:7)
  2 hound zombies (D:7)
  3 hound skeletons
  2 worker ant zombies
  15 gnolls
  11 adders
  A hound simulacrum (D:7)
  A shadow imp (D:9)
  6 white imps (D:7)
  2 ufetubi
  2 oozes
  3 adder skeletons
  A worm (D:3)
  3 dart slugs
  7 leopard geckos
  41 orcs
  8 giant cockroaches
  2 goblins
  4 hobgoblins
  12 jackals
  5 quokkas
  2 ball pythons
  6 bats
  3 frilled lizards
  6 kobolds
  A leopard gecko skeleton (D:4)
  2 quokka skeletons
  5 rats
292 creatures vanquished.

Vanquished Creatures (others)
  3 fungi (Lair:1)
  4 plants
7 creatures vanquished.

Grand Total: 299 creatures vanquished

Notes
Turn   | Place    | Note
-------+----------+-------------------------------------------
     0 | D:1      | Gwenloh the Deep Elf Venom Mage began the quest for the
                  | Orb.
     0 | D:1      | Reached XP level 1. HP: 10/10 MP: 6/6
   227 | D:1      | Reached XP level 2. HP: 11/15 MP: 5/8
   230 | D:1      | Learned a level 2 spell: Poisonous Vapours
  1131 | D:2      | Reached XP level 3. HP: 19/19 MP: 3/9
  1197 | D:2      | Learned a level 3 spell: Ignite Poison
  2148 | D:3      | Noticed an ogre
  2166 | D:3      | Killed an ogre
  2167 | D:3      | Reached skill level 1 in Fire Magic
  2167 | D:3      | Reached XP level 4. HP: 24/24 MP: 1/12
  2167 | D:3      | Reached XP level 5. HP: 28/28 MP: 1/13
  2171 | D:3      | Learned a level 3 spell: Mephitic Cloud
  2397 | D:3      | Noticed Grinder
  2405 | D:3      | Paralysed by Grinder for 6 turns
  2413 | D:3      | Killed Grinder
  2414 | D:3      | Reached skill level 5 in Poison Magic
  2414 | D:3      | Reached XP level 6. HP: 18/32 MP: 2/15
  2692 | D:3      | Learned a level 4 spell: Olgreb's Toxic Radiance
  2816 | D:3      | Reached skill level 5 in Spellcasting
  3441 | D:4      | Reached skill level 1 in Conjurations
  3441 | D:4      | Reached skill level 1 in Air Magic
  3441 | D:4      | Reached XP level 7. HP: 25/36 MP: 4/16
  3917 | D:4      | Found a bloodstained altar of Trog.
  4048 | D:5      | Entered Level 5 of the Dungeon
  4296 | D:5      | Found a staircase to the Ecumenical Temple.
  4308 | Temple   | Entered the Ecumenical Temple
  4558 | Temple   | Became a worshipper of Sif Muna the Loreminder
  4661 | D:5      | Found a runed translucent gate.
  4661 | D:5      | Found a runed translucent gate.
  4661 | D:5      | Found a runed translucent gate.
  4663 | D:5      | Identified the +9 hunting sling of the Puffball {vorpal,
                  | Dex+9}
  4663 | D:5      | Identified the cursed +0 scale mail of Ikeul {Str+9}
  4663 | D:5      | Identified the +4 mace "Afuppoq" {venom, rPois rF- Str+3}
  4665 | D:5      | Noticed dadaray's ghost (novice DsGl)
  4941 | D:5      | Found an ornate altar of the Wu Jian Council.
  4980 | D:5      | Found a roughly hewn altar of Beogh.
  5019 | D:5      | Reached XP level 8. HP: 39/41 MP: 19/19
  5020 | D:5      | Killed dadaray's ghost
  5097 | D:6      | Found Puokhlis's Magic Scroll Emporium.
  5101 | D:6      | Bought a scroll of identify for 20 gold pieces
  5101 | D:6      | Bought a scroll of identify for 20 gold pieces
  5101 | D:6      | Bought a scroll of identify for 20 gold pieces
  5101 | D:6      | Bought a scroll of identify for 20 gold pieces
  5101 | D:6      | Bought a scroll of identify for 20 gold pieces
  5101 | D:6      | Bought a scroll of identify for 20 gold pieces
  5107 | D:6      | Bought a scroll of blinking for 75 gold pieces
  5176 | D:6      | Reached skill level 1 in Invocations
  5176 | D:6      | Reached skill level 1 in Evocations
  5495 | D:6      | Reached * piety under Sif Muna
  5528 | D:6      | Reached XP level 9. HP: 45/45 MP: 21/21
  5773 | D:6      | Noticed Prince Ribbit
  5777 | D:6      | Killed Prince Ribbit
  6399 | D:7      | Reached ** piety under Sif Muna
  6613 | D:7      | Found a runed translucent gate.
  6723 | D:7      | Reached skill level 5 in Conjurations
  6938 | D:7      | Found a runed translucent gate.
  6938 | D:7      | Found a runed translucent gate.
  6947 | D:7      | Found a shadowy altar of Dithmenos.
  6954 | D:7      | Reached skill level 5 in Air Magic
  7200 | D:7      | HP: 1/45 [worker ant (5)]
  7632 | D:7      | Found Relihivuycs's Antique Weapon Shop.
  7792 | D:7      | Noticed PanSaczeczos's ghost (novice PaIE)
  7918 | D:7      | Reached *** piety under Sif Muna
  7925 | D:7      | Killed PanSaczeczos's ghost
  7926 | D:7      | Reached XP level 10. HP: 29/50 MP: 23/24
  8384 | D:8      | Found a sacrificial altar of Ru.
  8418 | D:8      | Found a flagged portal.
  8426 | Bailey   | Entered a bailey
  8426 | Bailey   | Noticed an orc knight
  8429 | Bailey   | Noticed an orc knight
  8435 | Bailey   | Reached skill level 10 in Poison Magic
  8436 | Bailey   | Killed an orc knight
  8437 | Bailey   | Reached skill level 5 in Invocations
  8437 | Bailey   | Reached skill level 5 in Evocations
  8632 | Bailey   | Killed an orc knight
  8723 | Bailey   | Found the +2 robe of Vines {NoPotionHeal Regen+7}
  9098 | D:8      | Noticed a two-headed ogre
  9104 | D:8      | Killed a two-headed ogre
  9105 | D:8      | Reached skill level 10 in Spellcasting
  9176 | D:8      | Found Zimnetal's Book Shoppe.
  9271 | D:8      | Found Tics's Jewellery Boutique.
  9291 | D:8      | Bought an uncursed amulet of reflection for 360 gold pieces
  9341 | D:8      | Found Neweptem's Distillery.
  9437 | D:8      | Found Pyarchilou's Assorted Antiques.
  9510 | D:8      | Found Osynilul's Antique Armour Boutique.
  9513 | D:8      | Bought a translucent helmet for 294 gold pieces
  9518 | D:8      | Identified the cursed +0 helmet "Udwuuwk" {Dex+6} (You
                  | bought it in a shop on level 8 of the Dungeon)
  9603 | D:8      | Found a blossoming altar of Fedhas.
  9622 | D:9      | Found Hazuanaw's Armour Shoppe.
  9626 | D:9      | Reached **** piety under Sif Muna
  9654 | D:9      | Reached XP level 11. HP: 54/54 MP: 25/27
  9717 | D:9      | Found a staircase to the Orcish Mines.
  9719 | D:9      | Found Eqakel's Weapon Shoppe.
  9995 | D:9      | Found a staircase to the Lair.
 10033 | D:9      | Found a glowing silver altar of Zin.
 10034 | D:9      | Found Zin's Purification Station.
 10488 | Lair:1   | Entered Level 1 of the Lair of Beasts
 10744 | Lair:1   | Reached skill level 1 in Fighting
 11128 | Lair:1   | Reached ***** piety under Sif Muna
 11250 | Lair:1   | Identified Sif Muna's Volume of Twisted Feathers (Sif Muna
                  | gifted it to you on level 1 of the Lair of Beasts)
 11250 | Lair:1   | Received a gift from Sif Muna
 11770 | Lair:2   | Got a bloodstained trident
 11771 | Lair:2   | Identified the +8 trident of Mufeasi {drain, *Drain Will+
                  | Dex+3 Stlth+} (You found it on level 2 of the Lair of
                  | Beasts)
 11822 | Lair:2   | Noticed a seven-headed hydra
 12163 | Lair:2   | Noticed a four-headed hydra
 12175 | Lair:2   | Slain by a four-headed hydra

Illustrated notes

Levels and vault maps discovered:
D:1:      amcnicky_arrival_gap_in_the_tavern_cellar, layout_rooms
D:2:      layout_basic
D:3:      layout_basic, minmay_circle_x, uniq_grinder
D:4:      layout_cave_pools, nicolae_overflow_crystal_walls
D:5:      layout_rooms, nzn_wu_jian_council_hall,
          minmay_temple_entry_statues_pillars, biasface_ghost_orc_armoury
D:6:      layout_loops_cross, serial_shops, nicolae_shop_behind_doors,
          uniq_prince_ribbit1
D:7:      layout_cave_pools, nicolae_dithmenos_shadow_blocks, serial_shops,
          kennysheep_mini_moat, gammafunk_ghost_icy, kennysheep_dice
D:8:      layout_cave_pools, hangedman_ru_absence, kennysheep_mini,
          serial_shops, nicolae_shop_behind_doors, nicolae_shop_trees,
          shop_coins, nicolae_shop_trees, nicolae_shop_window_shopping,
          enter_bailey_2, minmay_bent
D:9:      layout_loops_ring, zin_purify, dpeg_oklobed_lair, orc_david_3
Temple:   eino_temple_scatter_basement
Lair:1:   layout_hall_layers, st_stairs_13
Lair:2:   layout_layer_cave, gauntlet_entry_generic, serial_bayou_lagoon_a

Skill      XL: |  1  2  3  4  5  6  7  8  9 10 11 |
---------------+----------------------------------+-----
Transmutations | 2 3 |  3.0
Poison Magic   | 4 5 7 8 9 10 11 | 11.5
Spellcasting   | 4 5 6 7 8 10 11 | 11.4
Fire Magic     | 1 3 4 |  4.0
Conjurations   | 1 2 4 5 |  5.0
Air Magic      | 1 2 3 5 |  5.0
Invocations    | 1 4 6 7 |  7.8
Evocations     | 1 4 6 7 |  7.9
Fighting       | 2 |  2.7
Dodging        | 4 |  4.9
Stealth        | |  2.4

Action                   |  1- 3 |  4- 6 |  7- 9 | 10-12 || total
-------------------------+-------+-------+-------+-------++-------
Melee: Unarmed           |     1 |       |       |       ||     1
       Whip              |     3 |     8 |     2 |       ||    13
       Staff             |       |       |     8 |     8 ||    16
       Trident           |       |       |       |    25 ||    25
 Cast: Sting             |    22 |     8 |    27 |    25 ||    82
       Poisonous Vapours |    28 |    12 |    47 |    73 ||   160
       Ignite Poison     |     2 |    14 |    58 |    72 ||   146
       Mephitic Cloud    |       |     2 |    26 |    15 ||    43
       Olgreb's Toxic Ra |       |     5 |    16 |    25 ||    46
       Chain Lightning   |       |       |       |     1 ||     1
Invok: Divine Exegesis   |       |       |       |     1 ||     1
Evoke: Wand              |       |       |    32 |     6 ||    38
  Use: Scroll            |       |     8 |    11 |     6 ||    25
       Potion            |       |       |       |     3 ||     3
 Stab: Sleeping          |       |       |       |     1 ||     1
Armor: Robe              |       |     5 |    18 |    21 ||    44
Dodge: Dodged            |     6 |    12 |    43 |    70 ||   131
Block: Other             |       |       |       |    18 ||    18
